 Dungeon Crawl Stone Soup version 0.23.2-30-g0e89c35649 (webtiles) character file.

Game seed: 18052037670138706557

1937 Masnef the Ducker (level 8, -5/44 HPs)
             Began as a Deep Elf Wizard on June 24, 2019.
             Was a Believer of Sif Muna.
             Killed by miscasting Summon Lightning Spire (10 damage)
             ... on level 7 of the Dungeon.
             The game lasted 00:23:17 (9208 turns).

Masnef the Ducker (Deep Elf Wizard)                 Turns: 9208, Time: 00:23:17

Health: -5/44      AC:  4    Str:  4    XL:     8   Next: 97%
Magic:  1/19       EV: 15    Int: 26    God:    Sif Muna [**....]
Gold:   271        SH:  0    Dex: 13    Spells: 4/19 levels left

rFire    . . .     SeeInvis .   e - +1 dagger (venom)
rCold    . . .     Gourm    .   (no shield)
rNeg     . . .     Faith    .   a - +1 robe
rPois    .         Spirit   .   b - +0 hat
rElec    .         Reflect  .   (no cloak)
rCorr    +         Harm     .   (no gloves)
MR       .....                  k - +0 pair of boots
Stlth    ++........             o - amulet of the acrobat
HPRegen  0.14/turn              v - ring of resist corrosion
MPRegen  0.16/turn              (no ring)

@: very slightly contaminated, heavily drained, divine energy
A: no striking features
a: Stop Divine Energy, Renounce Religion


You were on level 7 of the Dungeon.
You worshipped Sif Muna.
Sif Muna was pleased with you.
You were not hungry.

You visited 2 branches of the dungeon, and saw 9 of its levels.

You collected 271 gold pieces.

Inventory:

Hand Weapons
 e - a +1 dagger of venom (weapon)
 r - a +0 short sword of draining
 z - a +1 dagger of holy wrath
Missiles
 B - 2 throwing nets (quivered)
Armour
 a - a +1 robe (worn)
 b - a +0 hat (worn)
 k - a +0 pair of boots (worn)
Jewellery
 o - an amulet of the acrobat (around neck)
 v - a ring of resist corrosion (left hand)
Wands
 h - a wand of random effects (18)
 i - a wand of polymorph (12)
 s - a wand of disintegration (14)
 x - a wand of flame (5)
Scrolls
 f - 7 scrolls of identify
 j - 3 scrolls of teleportation
 l - 2 scrolls of remove curse
 n - a scroll of fear {unknown}
 q - 3 scrolls of magic mapping
 y - a scroll of noise {unknown}
Potions
 c - 2 potions of curing {unknown}
 g - a potion of flight
 m - a potion of cancellation {unknown}
 p - a potion of mutation {unknown}
 t - 3 potions of brilliance {unknown}
 u - a potion of ambrosia
 w - a potion of berserk rage {unknown}
Comestibles
 d - 9 rations


   Skills:
 - Level 2.0(0.8) Fighting
 - Level 2.0(0.8) Short Blades
 + Level 7.6(6.2) Dodging
 - Level 5.0(3.7) Stealth
 - Level 6.0(4.6) Spellcasting
 + Level 7.4(6.0) Conjurations
 * Level 3.3(2.1) Summonings
 - Level 1.1(0.0) Translocations
 - Level 2.0(0.8) Air Magic
 - Level 2.0(0.8) Poison Magic


You had 4 spell levels left.
You knew the following spells:

 Your Spells              Type           Power        Failure   Level  Hunger
a - Magic Dart            Conj           ####         1%          1    None
b - Blink                 Tloc           N/A          12%         2    None
c - Call Imp              Summ           ###.....     4%          2    None
d - Mephitic Cloud        Conj/Pois/Air  ###.....     9%          3    ##.....
e - Conjure Flame         Conj/Fire      ###.....     7%          3    ##.....
f - Summon Lightning Spi  Summ/Air       ##......     41%         4    ####...

Your spell library contained the following spells:

 Spells                   Type           Power        Failure   Level  Hunger
 Summon Small Mammal      Summ           ###.         3%          1    None
 Call Canine Familiar     Summ           ###.....     10%         3    ##.....
 Slow                     Hex            #.......     12%         2    None
 Summon Guardian Golem    Hex/Summ       ##......     16%         3    ##.....
 Summon Ice Beast         Ice/Summ       ##......     45%         4    ####...


Dungeon Overview and Level Annotations

Branches:
Dungeon (8/15)             Temple (1/1) D:5
   Lair: D:8-11

Altars:
Ashenzari
Gozag
Makhleb
Qazlal
Ru
Sif Muna
Xom
Zin
The Shining One

Annotations:
D:8 Gastronok


Message History

You climb upwards.
There is a stone staircase leading down here.
Casting: Call Imp (safe; 4% risk of failure)
Confirm with . or Enter, or press ? or * to list all spells.
You blink.
Casting: Blink (safe; 12% risk of failure)
Confirm with . or Enter, or press ? or * to list all spells.
Aiming: Summon Lightning Spire (quite dangerous; 41% risk of failure)
Press: ? - help, Dir - move target cursor You miscast Summon Lightning Spire.
Sif Muna protects you from the effects of your miscast!
Casting: Summon Lightning Spire (quite dangerous; 41% risk of failure)
Confirm with . or Enter, or press ? or * to list all spells.
Aiming: Summon Lightning Spire (quite dangerous; 41% risk of failure)
Press: ? - help, Dir - move target cursor You miscast Summon Lightning Spire.
You are very lightly contaminated with residual magic.
You are caught in an explosion of electrical discharges!
The explosion engulfs you!
You die...

#......#.#############.#
.......................#
.......#.........#######
.......#########.#####
............ยง..>.#...#
.#'#'###########.#.#.#
.......#.......#z..#.#
##.#.#.#.#####.#...#.#
.#.#.#..........@....#
...#'#'###.###.#.#.###
#.......##...#.....#
........####.###.###
#.......# #.# #.#
#.......####.# #.#
#......?+..#.###.#
#.......##.#.....#
........##.#######


You could see a wight.

Vanquished Creatures
  A water moccasin (D:7)
  A sky beast (D:8)
  2 orc warriors
  A phantom (D:4)
  An ogre (D:6)
  A centaur (D:6)
  A big kobold (D:7)
  3 bullfrogs (D:8)
  3 crimson imps
  A centaur zombie (D:8)
  2 hounds (D:6)
  6 orc priests
  2 bullfrog skeletons (D:6)
  An orc wizard (D:3)
  An iguana (D:7)
  2 worker ants
  A hound skeleton (D:6)
  9 adders
  5 gnolls
  2 oozes (D:2)
  2 worms
  A dart slug (D:2)
  3 leopard geckos
  19 orcs
  10 bats
  4 giant cockroaches
  9 goblins
  6 hobgoblins
  8 jackals
  3 quokkas
  2 frilled lizards
  13 kobolds
  11 rats
137 creatures vanquished.

Vanquished Creatures (collateral kills)
  An orc warrior (D:8)
  An ogre (D:4)
  A bullfrog (D:6)
  A water moccasin skeleton (D:8)
  2 wights (D:8)
  An orc wizard (D:8)
  A jelly (D:7)
  An orc priest (D:8)
  A gnoll shaman (D:7)
  A worker ant (D:5)
  A shadow imp (D:6)
  A worm (D:3)
  A leopard gecko (D:3)
  5 orcs
  A frilled lizard (D:3)
20 creatures vanquished.

Grand Total: 157 creatures vanquished

Notes
Turn   | Place    | Note
-------+----------+-------------------------------------------
     0 | D:1      | Masnef the Deep Elf Wizard began the quest for the Orb.
     0 | D:1      | Reached XP level 1. HP: 10/10 MP: 7/7
   220 | D:1      | Reached skill level 1 in Short Blades
   220 | D:1      | Reached XP level 2. HP: 15/15 MP: 1/9
   224 | D:1      | Learned a level 2 spell: Blink
   229 | D:1      | Learned a level 2 spell: Call Imp
   670 | D:1      | Reached XP level 3. HP: 9/19 MP: 10/10
  1456 | D:2      | Learned a level 3 spell: Mephitic Cloud
  1498 | D:2      | Found a shimmering altar of Xom.
  2245 | D:2      | Reached skill level 1 in Poison Magic
  2245 | D:2      | Reached XP level 4. HP: 23/24 MP: 12/12
  2539 | D:3      | Reached XP level 5. HP: 23/28 MP: 10/13
  3777 | D:4      | Noticed an ogre
  3847 | D:4      | Killed an ogre
  3847 | D:4      | Reached skill level 5 in Stealth
  3847 | D:4      | Reached XP level 6. HP: 32/32 MP: 6/14
  3852 | D:4      | Learned a level 3 spell: Conjure Flame
  4438 | D:4      | Reached skill level 1 in Air Magic
  4594 | D:5      | Entered Level 5 of the Dungeon
  5194 | D:5      | Found a stormy altar of Qazlal.
  5386 | D:5      | Found a staircase to the Ecumenical Temple.
  5397 | Temple   | Entered the Ecumenical Temple
  5418 | Temple   | Became a worshipper of Sif Muna the Loreminder
  5739 | D:6      | Found a shimmering altar of Xom.
  5865 | D:6      | Noticed an orc warrior
  5913 | D:6      | Reached XP level 7. HP: 36/36 MP: 15/15
  6029 | D:6      | Reached skill level 5 in Dodging
  6277 | D:6      | Reached skill level 5 in Conjurations
  6538 | D:6      | Found a burning altar of Makhleb.
  6543 | D:6      | Found a glowing silver altar of Zin.
  6543 | D:6      | Noticed an angel
  6543 | D:6      | Noticed an Executioner
  6582 | D:6      | Found an opulent altar of Gozag.
  6952 | D:7      | Reached skill level 1 in Fighting
  7301 | D:6      | Reached skill level 5 in Spellcasting
  7301 | D:6      | Reached XP level 8. HP: 43/43 MP: 7/17
  7315 | D:6      | Reached * piety under Sif Muna
  8194 | D:7      | Learned a level 4 spell: Summon Lightning Spire
  8897 | D:8      | Noticed a two-headed ogre
  8919 | D:8      | Reached ** piety under Sif Muna
  8936 | D:8      | Noticed Gastronok
  9193 | D:8      | HP: 2/44 [wight/+0 dire flail (3)]
  9208 | D:7      | Killed by miscasting Summon Lightning Spire

Skill      XL: |  1  2  3  4  5  6  7  8 |
---------------+-------------------------+-----
Short Blades   | 1 2 |  2.0
Conjurations   | 2 3 4 6 7 |  7.4
Dodging        | 3 4 6 7 |  7.6
Stealth        | 3 5 |  5.0
Poison Magic   | 1 2 |  2.0
Air Magic      | 1 2 |  2.0
Fighting       | 1 2 |  2.0
Spellcasting   | 5 6 |  6.0
Summonings     | 3 |  3.3
Translocations | |  1.1

Action                   |  1- 3 |  4- 6 |  7- 9 || total
-------------------------+-------+-------+-------++-------
Melee: Dagger            |    60 |    82 |   195 ||   337
 Cast: Magic Dart        |    59 |    47 |    79 ||   185
       Call Imp          |       |    15 |    26 ||    41
       Mephitic Cloud    |       |    12 |    13 ||    25
       Blink             |       |     4 |     2 ||     6
       Conjure Flame     |       |       |     1 ||     1
       Summon Lightning  |       |       |     3 ||     3
Invok: Divine Energy     |       |       |     1 ||     1
  Use: Scroll            |     6 |     5 |     1 ||    12
       Potion            |       |     1 |       ||     1
 Stab: Sleeping          |     6 |    12 |     7 ||    25
       Confused          |       |     1 |     5 ||     6
  Eat: Chunk             |     4 |     7 |     9 ||    20
       Ration            |       |     2 |       ||     2
Armor: Robe              |    18 |    22 |    32 ||    72
Dodge: Dodged            |    43 |    66 |   159 ||   268
